 Dungeon Crawl Stone Soup version 0.20.0-15-g7f486f2 (webtiles) character file.

55722 Monsterracer the Severer (level 14, 0/129 HPs)
             Began as a Minotaur Arcane Marksman on June 10, 2017.
             Was a High Priest of Trog.
             Killed by drain life
             ... invoked by a soul eater
             ... summoned by an orc high priest
              (14 damage)
             ... on level 1 of the Orcish Mines.
             The game lasted 00:39:39 (24478 turns).

Monsterracer the Severer (MiAM)                    Turns: 24478, Time: 00:39:39

Health: 0/129      AC: 22    Str: 19    XL:     14   Next: 39%
Magic:  14/14      EV: 11    Int: 10    God:    Trog [*****.]
Gold:   2237       SH:  0    Dex: 15    Spells: 15/15 levels left

rFire    . . .     SeeInvis .   a - +1 executioner's axe (chop)
rCold    + . .     Gourm    .   (shield currently unavailable)
rNeg     . . .     Faith    +   t - +0 plate armour
rPois    +         Spirit   .   r - +2 hat
rElec    .         Reflect  .   o - +2 cloak
rCorr    .         Harm     .   n - +2 pair of gloves {Str+3}
MR       +++..     Clarity  +   A - +1 pair of boots
Stlth    ..........             F - amulet of faith
Regen    1.4/turn               w - ring of protection from cold
MPRegen  0.2/turn               k - +2 ring of protection

@: corroded, berserk cooldown, regenerating
A: retaliatory headbutt, horns 2, slimy green scales 1, clarity, poison
resistance
a: Berserk, Trog's Hand, Brothers in Arms, Burn Spellbooks, Renounce Religion


You were on level 1 of the Orcish Mines.
You worshipped Trog.
Trog was extremely pleased with you.
You were near starving.

You visited 3 branches of the dungeon, and saw 19 of its levels.
You also visited: Ice Cave.

You collected 2398 gold pieces.
You spent 161 gold pieces at shops.

Inventory:

Hand Weapons
 a - a +1 executioner's axe of chopping (weapon)
 b - the +6 war axe "Emoqi" {flame, -Tele *Noise rPois SInv}
   (You found it on level 2 of the Lair of Beasts)

   It has been specially enchanted to burn those struck by it, causing extra
   injury to most foes and up to half again as much damage against particularly
   susceptible opponents.
   Big, fiery blades are also staple armaments of hydra-hunters.
   It protects you from poison.
   It lets you see invisible.
   It may make noises in combat.
   It prevents most forms of teleportation.
 g - a +0 broad axe
Missiles
 d - 3 throwing nets (quivered)
Armour
 n - a +2 pair of gloves of strength (worn)
 o - a +2 cloak (worn)
 r - a +2 hat (worn)
 t - a +0 plate armour (worn)
 A - a +1 pair of boots (worn)
Jewellery
 k - a +2 ring of protection (right hand)
 w - a ring of protection from cold (left hand)
 F - an amulet of faith (around neck)
 H - an uncursed ring of flight
Wands
 q - a wand of lightning (6/15)
 J - a wand of scattershot (4/9)
Scrolls
 c - 2 scrolls of enchant weapon
 e - 4 scrolls of fog
 h - 2 scrolls of blinking
 j - 15 scrolls of identify
 x - 2 scrolls of immolation
 y - 2 scrolls of remove curse
 B - 3 scrolls of fear
 G - 7 scrolls of teleportation
 I - 3 scrolls of recharging
Potions
 l - 4 potions of heal wounds
 p - 6 potions of cancellation
 s - 7 potions of curing
 u - a potion of resistance
 v - a potion of haste
 z - 3 potions of flight
 C - a potion of might
 D - a potion of mutation
Comestibles
 f - 12 bread rations
 i - 6 meat rations
 m - 13 royal jellies
 E - 21 fruits
 K - a chunk of flesh


   Skills:
 + Level 13.0 Fighting
 * Level 20.3(20.4) Axes
   Level 4.1(14.3) Maces & Flails
 - Level 2.0 Throwing
 + Level 11.5 Armour
 + Level 9.8 Dodging
 - Level 1.0 Spellcasting
   Level 2.0 Hexes


You had 15 spell levels left.
You didn't know any spells.

Dungeon Overview and Level Annotations

Branches:
Dungeon (11/15)            Temple (0/1) D:6            Lair (6/6) D:11
 Shoals (0/4) Lair:2        Snake (0/4) Lair:4        Slime (0/5) Lair:6
    Orc (2/2) D:11            Elf (0/3) Orc:2

Altars:
Cheibriados
Dithmenos
Kikubaaqudgha
Makhleb
Nemelex Xobeh
Qazlal
Ru
Sif Muna
Trog
Uskayaw
Vehumet
Xom
Yredelemnul
Zin
The Shining One

Shops:
D:4 [   D:5 [   Orc:2 }?


Innate Abilities, Weirdness & Mutations

You reflexively headbutt those who attack you in melee.
You have a pair of horns on your head.
You are partially covered in slimy green scales. (AC +2)
You possess an exceptional clarity of mind.
Your system is resistant to poisons. (rPois)


Message History

The orc high priest calls upon Beogh to heal the orc knight.
The orc knight is healed somewhat.
You slice the orc knight!!
The orc knight is almost dead.
You miss the orc high priest. You slash the soul eater!
The orc knight closely misses you. You furiously retaliate!
You headbutt the orc knight, but do no damage.
Your two-headed ogre hits the soul eater with a giant club!!!
The soul eater dies!
You hit the orc knight but do no damage.
The orc knight is almost dead.
You hit the orc high priest.
You hit the soul eater but do no damage.
The orc high priest mumbles some strange prayers to Beogh against you.
Beogh smites you!
* * * LOW HITPOINT WARNING * * *
The orc knight hits you but does no damage.
The orc knight hits your two-headed ogre with an enchanted war axe!
The soul eater draws from the surrounding life force!
You die...

##.#..###......#..##
#......#.......#...#
##..#.###.......#.##
####....#.###......####
##.#........##.....#.#.#####
#........................#.##
##..........................##
###........3..)[..........#.#
##.........o@<.[.............
#.......#..oO.......##.......
##.###.###...........###.#...
### ### ####...##..## ####..
######### ###


You could see an orc knight, a soul eater, an orc high priest and a friendly
two-headed ogre (berserk).

Vanquished Creatures
  7 hydras
  A merfolk avatar (Lair:6)
  A two-headed ogre (D:11)
  A catoblepas (Lair:6)
  The ghost of Monsterracer the Grappler, a novice DrTm of Okawaru (D:8)
  An orc high priest (Orc:1)
  Sonja (D:11)
  The ghost of Aalglatt the Sneak, a novice HaMo of Fedhas (D:11)
  A sea snake (Lair:5)
  Pikel (D:4)
  2 orc knights (Orc:2)
  A harpy (Lair:6)
  4 orc sorcerers
  2 manticores
  2 cyclopes
  14 elephants
  2 ice statues (IceCv)
  Joseph (D:9)
  An eye of devastation (Lair:6)
  4 black mambas
  16 spiny frogs
  6 komodo dragons
  4 rime drakes
  A queen bee (Orc:1)
  6 ice devils (IceCv)
  A troll (Orc:2)
  5 hornets
  4 wind drakes (Lair:6)
  4 polar bears (Lair:6)
  14 blink frogs
  8 hippogriffs
  Sigmund (D:5)
  3 wyverns
  20 yaks
  A shadow (D:11)
  A basilisk (Lair:3)
  A steam dragon (Lair:4)
  A warg (Orc:1)
  A soldier ant (D:10)
  An acid dragon (D:11)
  3 nagas (Lair:4)
  7 water moccasins
  7 porcupines
  2 phantoms
  An ice beast (D:10)
  5 sky beasts
  6 ogres
  2 black bears
  15 orc warriors
  An eye of draining (Lair:6)
  12 crocodiles
  15 centaurs
  A big kobold (D:10)
  15 bullfrogs
  27 killer bees
  A scorpion (D:9)
  4 howler monkeys
  3 wights (D:6)
  3 crimson imps
  A centaur zombie (D:9)
  11 hounds
  24 orc priests
  2 jellies
  4 centaur skeletons
  22 orc wizards
  Jessica (D:2)
  A bullfrog skeleton (D:8)
  An iguana (D:5)
  4 worker ants
  2 killer bee zombies
  A hound skeleton (D:4)
  A hound zombie (D:8)
  A worker ant zombie (D:11)
  A howler monkey skeleton (D:9)
  11 adders
  A shadow imp (D:8)
  7 white imps (IceCv)
  5 ufetubi (IceCv)
  An ooze (D:1)
  An adder zombie (D:5)
  2 worms
  A dart slug (D:3)
  2 leopard geckos
  57 orcs
  5 bats
  2 giant cockroaches
  5 hobgoblins
  10 jackals
  15 kobolds
  5 quokkas
  A ball python skeleton (D:4)
  5 frilled lizards
  10 goblins
  A jackal skeleton (D:5)
  A leopard gecko zombie (D:7)
  6 rats
  2 fungi (Lair:5)
511 creatures vanquished.

Vanquished Creatures (collateral kills)
  The ghost of Gravenous the Severer, a journeyman DDMo of Makhleb (Orc:1)
  An orc high priest (Orc:2)
2 creatures vanquished.

Vanquished Creatures (others)
  A reaper (IceCv)
  Fannar (D:11)
  2 orc priests (Orc:2)
  2 white imps (IceCv)
  9 ufetubi (IceCv)
  A giant cockroach (D:4)
  5 fungi
  9 plants (Lair:6)
30 creatures vanquished.

Grand Total: 543 creatures vanquished

Notes
Turn   | Place    | Note
-------+----------+-------------------------------------------
     0 | D:1      | Monsterracer the Minotaur Arcane Marksman began the quest for the Orb.
     0 | D:1      | Reached XP level 1. HP: 16/16 MP: 1/1
   394 | D:1      | Reached XP level 2. HP: 21/25 MP: 2/2
   760 | D:1      | Found a shimmering altar of Xom.
   762 | D:1      | Found a shimmering altar of Xom.
   762 | D:1      | Found a sparkling altar of Nemelex Xobeh.
   764 | D:1      | Found a stormy altar of Qazlal.
   764 | D:1      | Found a burning altar of Makhleb.
   764 | D:1      | Found a shimmering altar of Xom.
  1305 | D:2      | Reached XP level 3. HP: 32/33 MP: 3/3
  1597 | D:2      | Noticed Jessica
  1601 | D:2      | Killed Jessica
  1601 | D:2      | Reached XP level 4. HP: 15/41 MP: 4/4
  1867 | D:2      | Reached skill level 5 in Fighting
  2688 | D:3      | Found a bloodstained altar of Trog.
  2696 | D:3      | Became a worshipper of Trog the Wrathful
  2967 | D:3      | Reached skill level 1 in Armour
  3218 | D:4      | Reached XP level 5. HP: 49/49 MP: 5/5
  3423 | D:4      | Reached * piety under Trog
  3425 | D:4      | Reached XP level 6. HP: 8/58 MP: 6/6
  3787 | D:4      | Found Jadorifu's Armour Boutique.
  3800 | D:4      | Bought a +0 pair of gloves of strength for 161 gold pieces
  3844 | D:4      | Reached skill level 1 in Maces & Flails
  3895 | D:4      | Noticed a slave
  3898 | D:4      | Noticed Pikel
  3899 | D:4      | Noticed a slave
  3911 | D:4      | Killed Pikel
  3911 | D:4      | Reached XP level 7. HP: 66/66 MP: 7/7
  4426 | D:4      | Reached XP level 8. HP: 74/74 MP: 8/8
  4670 | D:5      | Entered Level 5 of the Dungeon
  4679 | D:5      | Reached skill level 1 in Axes
  4681 | D:5      | Noticed a hippogriff
  4691 | D:5      | Reached skill level 2 in Axes
  4792 | D:5      | Killed a hippogriff
  4792 | D:5      | Reached skill level 4 in Axes
  4864 | D:5      | Found Tusoc's Antique Armour Emporium.
  4864 | D:5      | Noticed Sigmund
  4870 | D:5      | Killed Sigmund
  4870 | D:5      | Reached skill level 6 in Axes
  5133 | D:5      | You fall through a shaft for 2 floors!
  5139 | D:7      | Reached skill level 7 in Axes
  5569 | D:6      | Found a staircase to the Ecumenical Temple.
  5576 | D:6      | Reached ** piety under Trog
  5646 | D:6      | Reached skill level 8 in Axes
  5646 | D:6      | Reached XP level 9. HP: 81/81 MP: 9/9
  5692 | D:6      | Found a deep blue altar of Sif Muna.
  5692 | D:6      | Found a shadowy altar of Dithmenos.
  5692 | D:6      | Found a sacrificial altar of Ru.
  6122 | D:6      | Found a shadowy altar of Dithmenos.
  6151 | D:6      | Reached skill level 9 in Axes
  6897 | D:8      | Reached skill level 10 in Axes
  7003 | D:8      | Found a burning altar of Makhleb.
  7166 | D:8      | Found a basalt altar of Yredelemnul.
  7168 | D:8      | Noticed a profane servitor
  7180 | D:8      | Reached *** piety under Trog
  7180 | D:8      | Reached skill level 11 in Axes
  7454 | D:8      | Noticed Monsterracer's ghost (novice DrTm)
  7469 | D:8      | Killed Monsterracer's ghost
  7469 | D:8      | Reached skill level 12 in Axes
  7469 | D:8      | Reached XP level 10. HP: 88/88 MP: 7/10
  7848 | D:8      | Found a glowing golden altar of the Shining One.
  7850 | D:8      | Noticed an angel
  7907 | D:9      | Found a glowing silver altar of Zin.
  7928 | D:9      | Reached skill level 13 in Axes
  7965 | D:9      | Reached skill level 5 in Dodging
  8063 | D:9      | Noticed Joseph
  8078 | D:9      | Killed Joseph
  8515 | D:9      | Found a hide-covered altar of Uskayaw.
  8519 | D:9      | Reached skill level 5 in Armour
  8524 | D:9      | Found a radiant altar of Vehumet.
  8527 | D:9      | Found a snail-covered altar of Cheibriados.
  8569 | D:9      | Reached **** piety under Trog
  8678 | D:10     | Entered Level 10 of the Dungeon
  8903 | D:10     | Reached skill level 14 in Axes
  9178 | D:10     | Got an ichor-stained leather armour
  9179 | D:10     | Identified the +1 leather armour of the Cricket {*Corrode rC+ Str+3} (You found it on level 10 of the Dungeon)
  9549 | D:11     | Noticed Aalglatt's ghost (novice HaMo)
  9835 | D:11     | Noticed Sonja
  9841 | D:11     | Received a gift from Trog
  9841 | D:11     | Reached XP level 11. HP: 69/97 MP: 6/11
  9844 | D:11     | Killed Aalglatt's ghost
  9863 | D:10     | HP: 3/97 [poisoned by Sonja]
 10082 | D:10     | Reached skill level 15 in Axes
 10273 | D:11     | Killed Sonja
 10732 | D:11     | Noticed Fannar
 10757 | D:11     | Killed Fannar
 10959 | D:11     | Noticed a two-headed ogre
 10970 | D:11     | Killed a two-headed ogre
 10981 | D:11     | Reached skill level 16 in Axes
 11496 | D:11     | Found a staircase to the Orcish Mines.
 11763 | D:11     | Found a staircase to the Lair.
 11786 | Lair:1   | Entered Level 1 of the Lair of Beasts
 11832 | Lair:1   | Reached ***** piety under Trog
 12120 | Lair:1   | Found a frozen archway.
 12128 | Lair:1   | Reached skill level 10 in Fighting
 12303 | IceCv    | Entered an ice cave
 12420 | IceCv    | Reached skill level 17 in Axes
 12420 | IceCv    | Reached XP level 12. HP: 81/106 MP: 9/12
 12457 | IceCv    | Killed a reaper
 13467 | IceCv    | Received a gift from Trog
 13709 | IceCv    | Got a pitted demon trident
 13710 | IceCv    | Identified the +6 demon trident "Eqadiblu" {pain, MP+9} (You found it in an ice cave)
 15014 | Lair:1   | Gained mutation: You are partially covered in slimy green scales. (AC +2) [potion of mutation]
 15014 | Lair:1   | Gained mutation: Your system is resistant to poisons. (rPois) [potion of mutation]
 15014 | Lair:1   | Gained mutation: You possess an exceptional clarity of mind. [potion of mutation]
 15440 | Lair:2   | Found a staircase to the Shoals.
 15864 | Lair:2   | Got a crystal war axe
 15865 | Lair:2   | Identified the +6 war axe "Emoqi" {flame, -Tele *Noise rPois SInv} (You found it on level 2 of the Lair of Beasts)
 16690 | Lair:3   | Noticed a five-headed hydra
 16699 | Lair:3   | Killed a one-headed hydra
 16699 | Lair:3   | Reached skill level 18 in Axes
 16747 | Lair:3   | Noticed a seven-headed hydra
 16754 | Lair:3   | Killed a four-headed hydra
 16964 | Lair:3   | Found an ancient bone altar of Kikubaaqudgha.
 17595 | Lair:4   | Noticed an eight-headed hydra
 17604 | Lair:4   | Killed a three-headed hydra
 17630 | Lair:4   | You fall through a shaft for 2 floors!
 17630 | Lair:6   | Entered Level 6 of the Lair of Beasts
 17707 | Lair:6   | Found a staircase to the Slime Pits.
 17870 | Lair:6   | Noticed a seven-headed hydra
 17878 | Lair:5   | Noticed an eight-headed hydra
 17887 | Lair:5   | Killed a three-headed hydra
 17887 | Lair:5   | Killed a two-headed hydra
 18410 | Lair:4   | Reached XP level 13. HP: 113/116 MP: 13/13
 18411 | Lair:4   | Found a staircase to the Snake Pit.
 18588 | Lair:4   | Received a gift from Trog
 19013 | Lair:4   | Reached skill level 10 in Armour
 19660 | Lair:5   | Reached skill level 19 in Axes
 21033 | Lair:6   | Received a gift from Trog
 21622 | Lair:6   | Reached XP level 14. HP: 125/127 MP: 14/14
 22295 | Orc:1    | Entered Level 1 of the Orcish Mines
 22297 | Orc:1    | Noticed Gravenous's ghost (journeyman DDMo)
 22330 | Orc:1    | Killed Gravenous's ghost
 22731 | Orc:1    | Reached skill level 20 in Axes
 22757 | Orc:1    | Received a gift from Trog
 23174 | Orc:2    | Entered Level 2 of the Orcish Mines
 23384 | Orc:2    | Found a staircase to the Elven Halls.
 23414 | Orc:2    | Paralysed by an orc sorcerer for 4 turns
 23523 | Orc:2    | Found Yrillint's Gadget Emporium.
 24411 | Orc:2    | Found Cemnianiat's Magic Scroll Shoppe.
 24464 | Orc:2    | HP: 6/129 [orc sorcerer/bolt of fire (34)]
 24478 | Orc:1    | Killed from afar by a soul eater

Skill      XL: |  1  2  3  4  5  6  7  8  9 10 11 12 13 14 |
---------------+-------------------------------------------+-----
Fighting       | 2 3 4 5 6 7 9 10 11 12 13 | 13.0
Armour         | 1 2 4 6 8 9 11 | 11.5
Dodging        | 3 4 5 7 9 |  9.8
Maces & Flails | 3 4 |  4.1
Axes           | 8 12 14 17 18 19 20 | 20.3
Throwing       | |  2.0
Spellcasting   | |  1.0
Hexes          | |  2.0

Action                   |  1- 3 |  4- 6 |  7- 9 | 10-12 | 13-15 || total
-------------------------+-------+-------+-------+-------+-------++-------
Melee: Unarmed           |    10 |       |       |       |       ||    10
       Dagger            |    43 |   168 |       |       |       ||   211
       Headbutt          |    10 |    26 |    53 |   154 |   121 ||   364
       Flail             |       |    12 |       |       |       ||    12
       Whip              |       |       |    73 |       |       ||    73
       Hand axe          |       |       |   117 |       |       ||   117
       War axe           |       |       |    69 |   307 |     9 ||   385
       Battleaxe         |       |       |       |   413 |   210 ||   623
       Executioner's axe |       |       |       |       |   322 ||   322
Throw: Javelin           |    12 |     6 |       |       |       ||    18
       Throwing net      |       |     1 |       |       |       ||     1
Invok: Berserk           |       |     1 |    10 |     8 |     7 ||    26
       Trog's Hand       |       |       |       |     1 |     5 ||     6
       Burn Spellbooks   |       |       |       |     1 |     1 ||     2
       Brothers in Arms  |       |       |       |       |     3 ||     3
  Use: Potion            |     4 |     1 |     4 |     5 |     1 ||    15
       Scroll            |       |     2 |    10 |    10 |     5 ||    27
 Stab: Sleeping          |       |     1 |       |       |       ||     1
  Eat: Chunk             |     1 |     8 |    21 |    34 |    28 ||    92
       Fruit             |       |       |       |     9 |       ||     9
       Royal jelly       |       |       |       |     1 |       ||     1
Armor: Robe              |    10 |     5 |       |       |       ||    15
       Leather armour    |       |    38 |       |       |       ||    38
       Ring mail         |       |    22 |    84 |    41 |       ||   147
       Plate armour      |       |       |       |   374 |   378 ||   752
Dodge: Dodged            |    44 |   107 |   152 |   275 |   301 ||   879
